 Dungeon Crawl Stone Soup version 0.21.0-24-g2553a33 (webtiles) character file.

310 tidbits the Insei (level 6, -9/47 HPs)
             Began as a Gnoll Transmuter on Jan 19, 2018.
             Mangled by a mummy (17 damage)
             ... in an ossuary.
             The game lasted 00:07:10 (924 turns).

tidbits the Insei (Gnoll Transmuter)                 Turns: 924, Time: 00:07:11

Health: -9/47      AC:  2    Str: 12    XL:     6   Next: 41%
Magic:  4/14       EV: 24    Int: 18    God:
Gold:   112        SH:  0    Dex: 22    Spells: 9/15 levels left

rFire    . . .     SeeInvis +     - Unarmed
rCold    . . .     Gourm    .   (shield currently unavailable)
rNeg     . . .     Faith    .   (armour currently unavailable)
rPois    x         Spirit   .   (helmet currently unavailable)
rElec    .         Reflect  .   (cloak currently unavailable)
rCorr    .         Harm     .   (gloves currently unavailable)
MR       .....                  (boots currently unavailable)
Stlth    ++........             (no amulet)
HPRegen  0.15/turn              e - ring of see invisible
MPRegen  0.14/turn              n - +2 ring of dexterity

@: spider-form
A: tiny, distributed training, strong nose
a: End Transformation


You were in an ossuary.
You were not hungry.
You were a venomous arachnid creature.
You visited 1 branch of the dungeon, and saw 4 of its levels.
You also visited: Ossuary.

You collected 112 gold pieces.

Inventory:

Hand Weapons
 b - a +0 hunting sling
Missiles
 a - 27 arrows
Armour
 g - a +0 buckler
 B - a +0 robe (melded)
 E - a +0 helmet of intelligence (melded)
   (You found it on level 2 of the Dungeon)
 F - a +0 pair of boots (melded)
Jewellery
 e - a ring of see invisible (left front leg)
   (You found it on level 1 of the Dungeon)
 n - a +2 ring of dexterity (right front leg)
   (You found it on level 4 of the Dungeon)
Scrolls
 h - a scroll of identify
 j - a scroll of teleportation
 l - 3 scrolls of immolation
 r - a scroll of remove curse
Books
 c - a book of Changes

   Spells                             Type                      Level
   a - Beastly Appendage              Transmutation                1
   b - Sticks to Snakes               Transmutation                2
   c - Spider Form                    Transmutation/Poison         3
   d - Ice Form                       Ice/Transmutation            4
   e - Blade Hands                    Transmutation                5
Comestibles
 d - 3 rations
 f - a chunk of flesh


   Skills:
 + Level 3.2 Fighting
 + Level 1.9 Short Blades
 + Level 1.9 Long Blades
 + Level 1.9 Axes
 + Level 1.9 Maces & Flails
 + Level 1.9 Polearms
 + Level 1.9 Staves
 + Level 1.9 Slings
 + Level 1.9 Bows
 + Level 1.9 Crossbows
 + Level 1.9 Throwing
 + Level 1.9 Armour
 + Level 5.0 Dodging
 + Level 1.9 Stealth
 + Level 1.9 Shields
 + Level 6.8 Unarmed Combat
 + Level 5.3 Spellcasting
 + Level 1.5 Conjurations
 + Level 1.5 Hexes
 + Level 1.5 Charms
 + Level 1.5 Summonings
 + Level 1.5 Necromancy
 + Level 1.5 Translocations
 + Level 4.1 Transmutations
 + Level 1.5 Fire Magic
 + Level 1.5 Ice Magic
 + Level 1.5 Air Magic
 + Level 1.5 Earth Magic
 + Level 1.5 Poison Magic
 + Level 2.1 Invocations
 + Level 1.9 Evocations


You had 9 spell levels left.
You knew the following spells:

 Your Spells              Type           Power        Failure   Level  Hunger
e - Beastly Appendage     Tmut           ###...       9%          1    None
k - Sticks to Snakes      Tmut           ###.....     12%         2    #......
p - Spider Form           Tmut/Pois      ##........   28%         3    ##.....


Dungeon Overview and Level Annotations

Branches:
Dungeon (4/15)
 Temple: D:4-7

Altars:


Innate Abilities, Weirdness & Mutations

Your experience applies equally to all skills.
((You have very sharp teeth.))
Your uncanny sense of smell can sniff out nearby items.


Message History

You swing at nothing.
You swing at nothing.
You swing at nothing.
You swing at nothing.
You swing at nothing.
You feel less wooden.
Your +0 helmet of intelligence unmelds from your body.
Your +0 pair of boots unmelds from your body.
Your +0 robe unmelds from your body.
You feel clever.
You swing at nothing.
You swing at nothing.
You swing at nothing.
You swing at nothing.
A bullfrog zombie comes into view.
Wield which item (- for none, * to show all)? (? for menu, Esc to quit)
Okay, then.
Casting: Spider Form
Confirm with . or Enter, or press ? or * to list all spells.
You create a snake!
You now have 28 arrows.
The bullfrog zombie hits you.
* * * LOW HITPOINT WARNING * * *
Casting: Sticks to Snakes
Confirm with . or Enter, or press ? or * to list all spells.
You turn into a venomous arachnid creature.
Your book of Changes falls away!
You are now empty-handed.
Your +0 helmet of intelligence melds into your body.
Your +0 pair of boots melds into your body.
Your +0 robe melds into your body.
You feel stupid. The bullfrog zombie barely misses you.
Your adder bites the bullfrog zombie.
You bite the bullfrog zombie!
The bullfrog zombie is heavily damaged.
The bullfrog zombie closely misses you.
Your adder bites the bullfrog zombie.
You hit the bullfrog zombie.
The bullfrog zombie is severely damaged.
The bullfrog zombie misses you.
Your adder bites the bullfrog zombie.
You bite the bullfrog zombie!
You destroy the bullfrog zombie!
There is an open door, spattered with blood here.
A mummy comes into view.
You open the door.
A worker ant zombie comes into view.
The worker ant zombie closely misses you.
You bite the worker ant zombie!
The worker ant zombie is moderately damaged.
Your adder barely misses the worker ant zombie.
The worker ant zombie completely misses you.
A bullfrog zombie comes into view.
You bite the worker ant zombie!
The worker ant zombie is severely damaged.
Your adder barely misses the worker ant zombie.
The worker ant zombie misses you.
Your adder bites the worker ant zombie.
You strike the helpless worker ant zombie from behind!
You hit the worker ant zombie.
The worker ant zombie is almost destroyed.
The worker ant zombie bites you.
* * * LOW HITPOINT WARNING * * *
Your adder barely misses the worker ant zombie.
You hit the worker ant zombie but do no damage.
The worker ant zombie is almost destroyed.
Your adder bites the worker ant zombie.
The worker ant zombie closely misses your adder.
You catch the helpless worker ant zombie completely off-guard!
You hit the worker ant zombie.
The worker ant zombie is almost destroyed.
Your adder barely misses the worker ant zombie.
The worker ant zombie misses you.
You bite the worker ant zombie!
You destroy the worker ant zombie!
Your Dodging skill increases to level 5!
You aren't carrying any potions.
Unknown command.
Okay, then.
A leopard gecko zombie comes into view.
You hit the bullfrog zombie.
The bullfrog zombie is lightly damaged.
Your adder bites the bullfrog zombie.
The bullfrog zombie misses you.
Your adder bites the bullfrog zombie.
You bite the bullfrog zombie!
The bullfrog zombie is heavily damaged.
You feel a little less clever now. The bullfrog zombie closely misses you.
Your adder completely misses the mummy.
You bite the mummy!
The mummy is heavily damaged.
Your adder bites the mummy but does no damage.
You hit the mummy but do no damage.
The mummy is heavily damaged.
Your adder withers and dies!
Casting: Spider Form
Confirm with . or Enter, or press ? or * to list all spells.
You create a snake!
You now have 27 arrows.
The mummy closely misses you.
You hit the mummy.
The mummy is severely damaged.
Your ball python bites the mummy but does no damage.
Your ball python grabs the mummy.
Your ball python constricts the mummy.
You catch the helpless mummy completely off-guard!
You hit the mummy.
The mummy is severely damaged.
The mummy hits you!
You die...

##### #.#.#
+#+#+#+#'#'###
..........sS.#
+##+##'##M###
∆∆∆ #...#ZZ.
∆∆∆ #.∩.#.###
∆∆∆ #∩..#.+
#####.# ..+
#.# ∆∆∆


You could see a mummy, a leopard gecko zombie, a bullfrog zombie and a friendly
ball python.

Vanquished Creatures
  A bullfrog zombie (Ossuary)
  3 orc priests (D:4)
  2 worker ants (D:4)
  3 mummies (Ossuary)
  A worker ant zombie (Ossuary)
  2 adders
  3 gnolls (D:2)
  A worm (D:3)
  2 orcs (D:4)
  A ball python (D:1)
  A bat (D:1)
  4 giant cockroaches
  5 goblins
  3 hobgoblins (D:1)
  3 jackals (D:2)
  A frilled lizard (D:1)
  3 kobolds
  7 rats
46 creatures vanquished.

Vanquished Creatures (collateral kills)
  A hound skeleton (D:4)
  A hobgoblin (D:3)
2 creatures vanquished.

Vanquished Creatures (others)
  A withered plant (Ossuary)
1 creature vanquished.

Grand Total: 49 creatures vanquished

Notes
Turn   | Place    | Note
-------+----------+-------------------------------------------
     0 | D:1      | tidbits the Gnoll Transmuter began the quest for the Orb.
     0 | D:1      | Reached XP level 1. HP: 17/17 MP: 6/6
   278 | D:1      | Reached XP level 2. HP: 21/23 MP: 5/7
   282 | D:1      | Learned a level 2 spell: Sticks to Snakes
   491 | D:1      | Reached XP level 3. HP: 28/28 MP: 9/9
   496 | D:1      | Learned a level 3 spell: Spider Form
   512 | D:2      | Reached skill level 5 in Spellcasting
   516 | D:2      | Reached skill level 1 in Invocations
   560 | D:2      | Reached skill level 1 in Short Blades
   560 | D:2      | Reached skill level 1 in Long Blades
   560 | D:2      | Reached skill level 1 in Axes
   560 | D:2      | Reached skill level 1 in Maces & Flails
   560 | D:2      | Reached skill level 1 in Polearms
   560 | D:2      | Reached skill level 1 in Staves
   560 | D:2      | Reached skill level 1 in Slings
   560 | D:2      | Reached skill level 1 in Bows
   560 | D:2      | Reached skill level 1 in Crossbows
   560 | D:2      | Reached skill level 1 in Throwing
   560 | D:2      | Reached skill level 1 in Armour
   560 | D:2      | Reached skill level 1 in Stealth
   560 | D:2      | Reached skill level 1 in Shields
   560 | D:2      | Reached skill level 1 in Evocations
   560 | D:2      | Reached XP level 4. HP: 34/34 MP: 6/11
   734 | D:4      | Reached skill level 1 in Conjurations
   734 | D:4      | Reached skill level 1 in Hexes
   734 | D:4      | Reached skill level 1 in Charms
   734 | D:4      | Reached skill level 1 in Summonings
   734 | D:4      | Reached skill level 1 in Necromancy
   734 | D:4      | Reached skill level 1 in Translocations
   734 | D:4      | Reached skill level 1 in Fire Magic
   734 | D:4      | Reached skill level 1 in Ice Magic
   734 | D:4      | Reached skill level 1 in Air Magic
   734 | D:4      | Reached skill level 1 in Earth Magic
   734 | D:4      | Reached skill level 1 in Poison Magic
   764 | D:4      | Reached XP level 5. HP: 40/40 MP: 8/12
   786 | D:4      | Reached skill level 3 in Fighting
   786 | D:4      | Reached skill level 4 in Transmutations
   793 | D:4      | HP: 4/41 [orc priest/nerve-wracking pain (1)]
   806 | D:4      | Reached XP level 6. HP: 15/47 MP: 10/13
   826 | D:4      | Found a sand-covered staircase.
   839 | Ossuary  | Entered an ossuary
   858 | Ossuary  | Reached skill level 2 in Invocations
   865 | Ossuary  | HP: 6/70 [mummy (4)]
   914 | Ossuary  | Reached skill level 5 in Dodging
   924 | Ossuary  | Mangled by a mummy

Skill      XL: |  1  2  3  4  5  6 |
---------------+-------------------+-----
Spellcasting   | 5 |  5.3
Invocations    | 1 2 |  2.1
Short Blades   | 1 |  1.9
Long Blades    | 1 |  1.9
Axes           | 1 |  1.9
Maces & Flails | 1 |  1.9
Polearms       | 1 |  1.9
Staves         | 1 |  1.9
Slings         | 1 |  1.9
Bows           | 1 |  1.9
Crossbows      | 1 |  1.9
Throwing       | 1 |  1.9
Armour         | 1 |  1.9
Stealth        | 1 |  1.9
Shields        | 1 |  1.9
Evocations     | 1 |  1.9
Conjurations   | 1 |  1.5
Hexes          | 1 |  1.5
Charms         | 1 |  1.5
Summonings     | 1 |  1.5
Necromancy     | 1 |  1.5
Translocations | 1 |  1.5
Fire Magic     | 1 |  1.5
Ice Magic      | 1 |  1.5
Air Magic      | 1 |  1.5
Earth Magic    | 1 |  1.5
Poison Magic   | 1 |  1.5
Fighting       | 3 |  3.2
Transmutations | 4 |  4.1
Dodging        | 5 |  5.0
Unarmed Combat | |  6.8

Action                   |  1- 3 |  4- 6 || total
-------------------------+-------+-------++-------
Melee: Unarmed           |    59 |    66 ||   125
       Kick              |     6 |       ||     6
       Bite              |     1 |       ||     1
 Cast: Beastly Appendage |    13 |       ||    13
       Spider Form       |     3 |     9 ||    12
       Sticks to Snakes  |       |     6 ||     6
  Use: Scroll            |       |     4 ||     4
       Potion            |       |     4 ||     4
 Stab: Sleeping          |     2 |     1 ||     3
       Distracted        |       |     4 ||     4
  Eat: Chunk             |       |     1 ||     1
Armor: Robe              |     4 |     2 ||     6
       Skin              |     2 |     2 ||     4
Dodge: Dodged            |    42 |    44 ||    86

Table legend:
 A = Turns spent in this place as a percentage of turns spent in the entire game.
 B = Non-inter-level travel turns spent in this place as a percentage of non-inter-level travel turns spent in the entire game.
 C = Inter-level travel turns spent in this place as a percentage of turns spent in this place.
 D = Turns resting spent in this place as a percentage of non-inter-level travel turns spent in this place.
 E = Turns spent auto-exploring this place as a percentage of non-inter-level travel turns spent in this place.
 F = Non-inter-level travel turns spent in this place divided by the number of levels of this place that you've seen.
                   A       B       C       D       E      F
               +-------+-------+-------+-------+-------+----------------------
         Total | 100.0 | 100.0 |   3.2 |   0.0 |   0.0 | 178.8
       Dungeon |  90.8 |  90.5 |   3.6 |   0.0 |   0.0 | 202.2
       Ossuary |   9.2 |   9.5 |   0.0 |   0.0 |   0.0 |  85.0
               +-------+-------+-------+-------+-------+----------------------

Table legend:
 A = Kills in this place as a percentage of kills in entire the game.
 B = Kills by you in this place as a percentage of kills by you in the entire game.
 C = Kills by friends in this place as a percentage of kills by friends in the entire game.
 D = Other kills in this place as a percentage of other kills in the entire game.
 E = Experience gained in this place as a percentage of experience gained in the entire game.
 F = Experience gained in this place divided by the number of levels of this place that you have seen.
                   A       B       C       D       E      F
               +-------+-------+-------+-------+-------+----------------------
         Total | 100.0 | 100.0 | 100.0 |   N/A | 100.0 |  88.8
       Dungeon |  89.6 |  89.1 | 100.0 |   N/A |  75.9 |  84.2
       Ossuary |  10.4 |  10.9 |   0.0 |   N/A |  24.1 | 107.0
               +-------+-------+-------+-------+-------+----------------------

Vault maps used:
D:1:      dpeg_arrival_renting, grunt_decor_clamped, minmay_pentomino_w2
D:2:      zin_treasury
D:3:      first_ration, st_stairs_12, nrook_mini_backslash,
          serial_bayou_lagoon_a, kennysheep_okawaru_gauntlet
D:4:      nicolae_ossuary_entry_plus
Ossuary:  ossuary_zaba_flooded
